 Dungeon Crawl Stone Soup version 0.31-a0-188-g5e087ee2ca (webtiles) character file.

Game seed: 15614749176344081275

102 TrayleKats the Poker (level 4, -6/40 HPs)
             Began as a Naga Warper on June 23, 2023.
             Mangled by an orc
             ... wielding a +1 morningstar of protection
              (8 damage)
             ... on level 3 of the Dungeon.
             The game lasted 00:01:52 (1773 turns).

TrayleKats the Poker (Naga Warper)                  Turns: 1773, Time: 00:01:52

Health: -6/40      AC:  5    Str: 14    XL:     4   Next: 78%
Magic:  7/7        EV:  5    Int: 15    God:
Gold:   70         SH:  0    Dex: 10    Spells: 8/8 levels left

rFire   . . .        a - +0 spear
rCold   . . .        (no shield)
rNeg    . . .        l - +0 chain mail
rPois   +            (no helmet)
rElec   .            (no cloak)
rCorr   .            (no gloves)
SInv    +            (no barding)
Will    .....        (no amulet) Stlth
                     (no ring)
HPRegen 0.26/turn    (no ring)
MPRegen 0.10/turn

%: no passive effects
@: very slow
A: AC +1, large, see invisible, deformed body, poison resistance, slowness 2,
spit poison 1, naga tail 1
a: Spit Poison


You were on level 3 of the Dungeon.
You visited 1 branch of the dungeon, and saw 3 of its levels.

You collected 70 gold pieces.

Inventory:

Hand Weapons
 a - a +0 spear (weapon)
Missiles
 d - 7 boomerangs of dispersal
 n - 4 javelins
Armour
 b - a +0 leather armour
 l - a +0 chain mail (worn)
Wands
 o - a wand of flame (12)
Scrolls
 c - a scroll of blinking
 g - 3 scrolls of immolation {unknown}
 h - a scroll of torment {unknown}
 i - 4 scrolls of identify {unknown}
 j - a scroll of vulnerability {unknown}
 k - 2 scrolls of fog {unknown}
Potions
 e - a potion of heal wounds {unknown}
 f - 3 potions of curing {unknown}
 m - a potion of berserk rage {unknown}


   Skills:
 + Level 2.7 Fighting
 * Level 3.2 Polearms
 - Level 1.2 Throwing
 - Level 1.1 Armour
 - Level 1.8 Dodging
 + Level 2.6 Spellcasting
 - Level 3.1 Translocations


You had 8 spell levels left.
You didn't know any spells.
Your spell library contained the following spells:

 Spells                   Type           Power      Damage    Failure   Level
 Blink                    Tloc           22%        N/A       83%         2
 Lesser Beckoning         Tloc           22%        N/A       83%         2
 Teleport Other           Tloc           11%        N/A       97%         3
 Portal Projectile        Hex/Tloc       12%        N/A       99%         3
 Vhi's Electric Charge    Tloc/Air       12%        N/A       99%         3
 Call Canine Familiar     Summ           1%         N/A       100%        3
 Leda's Liquefaction      Hex/Erth       0%         N/A       100%        4
 Manifold Assault         Tloc           11%        N/A       100%        4


Dungeon Overview and Level Annotations

Branches:
Dungeon (3/15)

Altars:


Innate Abilities, Weirdness & Mutations

Your serpentine skin is tough. (AC +1)
You have supernaturally acute eyesight. (SInv)
Armour fits poorly on your strangely shaped body.
Your system is resistant to poisons. (rPois)
You cover ground very slowly.
You can spit poison.
You have a snake-like lower body.


Message History

a +0 club; an orc corpse You barely miss the orc.
You have got your breath back.
The orc hits you but does no damage.
You hit the orc but do no damage.
The orc hits you with a +1 morningstar of protection.
You hit the orc.
The orc is moderately wounded.
The orc hits you with a +1 morningstar of protection.
You hit the orc. Your punch misses the orc.
The orc is severely wounded.
The orc hits you with a +1 morningstar of protection!
You are too injured to fight recklessly!
You are too injured to fight recklessly!
You are too injured to fight recklessly!
You are too injured to fight recklessly!
You hit the orc but do no damage.
The orc is severely wounded.
The orc hits you with a +1 morningstar of protection.
You hit the orc but do no damage.
The orc is severely wounded.
The orc hits you but does no damage.
You hit the orc but do no damage.
The orc is severely wounded.
The orc hits you with a +1 morningstar of protection.
* * * LOW HITPOINT WARNING * * *
You hit the orc but do no damage.
The orc is severely wounded.
The orc hits you but does no damage.
You hit the orc but do no damage.
The orc is severely wounded.
The orc hits you but does no damage.
You barely miss the orc.
The orc is severely wounded.
The orc hits you with a +1 morningstar of protection!
* * * LOW HITPOINT WARNING * * *
You hit the orc but do no damage.
The orc is severely wounded.
The orc hits you with a +1 morningstar of protection!
You die...

##.#....###
#.#....#
#......#
#####.## #.#
#.# #.#
#.##########
#...@oo.....
############


You could see 2 orcs.

Vanquished Creatures
  4 gnolls
  3 adders (D:2)
  A worm (D:2)
  2 dart slugs (D:1)
  An orc (D:3)
  A ball python (D:1)
  5 bats
  4 hobgoblins
  4 kobolds
  4 goblins
  A rat (D:1)
30 creatures vanquished.

Notes
Turn   | Place    | Note
-------+----------+-------------------------------------------
     0 | D:1      | TrayleKats the Naga Warper began the quest for the Orb.
     0 | D:1      | Reached XP level 1. HP: 19/19 MP: 3/3
   167 | D:1      | Reached skill level 1 in Throwing
   178 | D:1      | Reached XP level 2. HP: 17/26 MP: 5/5
   316 | D:1      | Reached skill level 1 in Armour
   760 | D:2      | Reached XP level 3. HP: 32/32 MP: 6/6
   964 | D:2      | Reached XP level 4. HP: 27/40 MP: 7/7
  1772 | D:3      | HP: 2/40 [orc/+1 morningstar of protection (8)]
  1773 | D:3      | Mangled by an orc

Illustrated notes

Levels and vault maps discovered:
D:1:      dpeg_arrival_tiny_k, layout_rooms
D:2:      layout_rooms
D:3:      layout_basic, gup_sewer_entry_bubbles

Skill      XL: |  1  2  3  4 |
---------------+-------------+-----
Throwing       | 1 |  1.2
Armour         | 1 |  1.1
Polearms       | 3 |  3.2
Fighting       | |  2.7
Dodging        | |  1.8
Spellcasting   | |  2.6
Translocations | |  3.1

Action                     |  1- 3 |  4- 6 || total
---------------------------+-------+-------++-------
  Melee: Spear             |   101 |    30 ||   131
Ability: Spit Poison       |    10 |     5 ||    15
 Armour: Chain mail        |    30 |     9 ||    39
         Leather armour    |     2 |       ||     2
  Dodge: Dodged            |    24 |     2 ||    26

Table legend: (Time is in decaauts)
 A = Elapsed time spent in this place.
 B = Non-inter-level travel time spent in this place.
 C = Inter-level travel time spent in this place.
 D = Time resting spent in this place.
 E = Time spent auto-exploring this place.
 F = Levels seen in this place.
 G = Mean time per level.
                   A        B        C        D        E       F      G
               +--------+--------+--------+--------+--------+-----+--------+
         Total |   2119 |   2048 |     71 |    504 |   1214 |   3 |  706.3 |
       Dungeon |   2119 |   2048 |     71 |    504 |   1214 |   3 |  706.3 |
               +--------+--------+--------+--------+--------+-----+--------+

Top non-repeatable levels by time:
     D:2: 933 daAuts
     D:1: 912 daAuts
     D:3: 272 daAuts
